 Dungeon Crawl Stone Soup version 0.26.0-45-g9c1d065592 (webtiles) character file.

Game seed: 3744771617999734045

217 kaeus the Ruffian (level 5, -1/42 HPs)
             Began as a Draconian Transmuter on Feb 1, 2021.
             Succumbed to a goblin's poison
             ... on level 3 of the Dungeon.
             The game lasted 00:04:38 (3483 turns).

kaeus the Ruffian (Draconian Transmuter)            Turns: 3483, Time: 00:04:39

Health: -1/42      AC:  2    Str: 13    XL:     5   Next: 62%
Magic:  8/10       EV: 20    Int: 14    God:
Gold:   142        SH:  0    Dex: 16    Spells: 6/10 levels left

rFire    . . .     SeeInvis .     - Unarmed
rCold    . . .     Faith    .   (shield currently unavailable)
rNeg     . . .     Spirit   .   (armour unavailable)
rPois    x         Reflect  .   (helmet currently unavailable)
rElec    .         Harm     .   (cloak currently unavailable)
rCorr    .         Rampage  .   (gloves currently unavailable)
Will     .....                  (boots currently unavailable)
Stlth    +.........             (no amulet)
HPRegen  0.14/turn              (no ring)
MPRegen  0.12/turn              (no ring)

@: lethally poisoned (-1 -> -30), spider-form (expiring)
A: tiny, unfitting armour, AC +5
a: End Transformation


You were on level 3 of the Dungeon.
You were a venomous arachnid creature.
You visited 1 branch of the dungeon, and saw 3 of its levels.

You collected 142 gold pieces.

Inventory:

Jewellery
 a - a +4 ring of evasion {unknown}
Scrolls
 d - 5 scrolls of teleportation {unknown}
 e - a scroll of random uselessness {unknown}
 j - a scroll of enchant weapon {unknown}
 k - a scroll of remove curse {unknown}
 m - a scroll of enchant armour {unknown}
 n - a scroll of blinking {unknown}
Potions
 b - 2 potions of brilliance {unknown}
 c - a potion of lignification {unknown}
 f - a potion of degeneration {unknown}
 g - 3 potions of curing {unknown}
 h - 2 potions of attraction {unknown}
 i - 2 potions of haste {unknown}
 l - a potion of magic {unknown}
 o - a potion of heal wounds {unknown}


   Skills:
 + Level 2.6 Fighting
 + Level 2.6 Dodging
 + Level 3.7 Unarmed Combat
 + Level 3.3 Spellcasting
 - Level 3.0 Transmutations
 - Level 1.0 Poison Magic


You had 6 spell levels left.
You knew the following spells:

 Your Spells              Type           Power        Failure   Level
a - Beastly Appendage     Tmut           20%          17%         1
b - Spider Form           Tmut/Pois      3%           47%         3

Your spell library contained the following spells:

 Spells                   Type           Power        Failure   Level
 Wereblood                Tmut           10%          22%         2
 Ice Form                 Ice/Tmut       6%           88%         4
 Blade Hands              Tmut           5%           95%         5


Dungeon Overview and Level Annotations

Branches:
Dungeon (3/15)

Altars:
Vehumet

Annotations:
D:3 Natasha


Innate Abilities, Weirdness & Mutations

((Your plain brown scales are hard. (AC +5)))
You cannot fit into any form of body armour.
((You are cold-blooded and may be slowed by cold attacks.))


Message History

You kill the frilled lizard!
* * * LOW HITPOINT WARNING * * *
You feel sick.
The goblin hits you with a +0 dagger of venom.
* * * LOW HITPOINT WARNING * * *
You take 4 damage, and have 9/42 hp.
Your transformation is almost over.
* * * LOW HITPOINT WARNING * * *
You feel very sick.
There is an open door here.
You see here a stone.
You take 2 damage, and have 7/42 hp.
* * * LOW HITPOINT WARNING * * *
You feel very sick.
You take 3 damage, and have 4/42 hp.
* * * LOW HITPOINT WARNING * * *
You feel sick.
You kill the goblin!
You take 2 damage, and have 2/42 hp.
You die...

......#######.....##.##..†.###...
.###### #.##....#..##...###....
## #..........##.#)###....
####................... h##.
##.......#.#.####... #'..
#....##.....#####.. #...
#....###........... #..
#....##.......[....
#'##.s..#.............
##..##.................
#...)#.................
#...g)[...(............
+#..###.#.............. ###
..#..............
....(........... .##.#.....#.....
..#.#.#...##....


There were no monsters in sight!

Vanquished Creatures
  An orc wizard (D:3)
  Terence (D:2)
  An iguana (D:2)
  Natasha (D:3)
  2 adders (D:3)
  An ufetubus (D:2)
  3 oozes
  A worm (D:2)
  2 dart slugs
  A leopard gecko (D:2)
  9 orcs (D:3)
  9 bats
  7 hobgoblins
  7 kobolds
  2 quokkas
  10 frilled lizards
  7 goblins
  6 rats
71 creatures vanquished.

Notes
Turn   | Place    | Note
-------+----------+-------------------------------------------
     0 | D:1      | kaeus the Draconian Transmuter began the quest for the Orb.
     0 | D:1      | Reached XP level 1. HP: 16/16 MP: 3/3
   418 | D:1      | Reached XP level 2. HP: 23/23 MP: 3/5
   818 | D:1      | Reached XP level 3. HP: 29/29 MP: 4/6
  1151 | D:1      | Learned a level 3 spell: Spider Form
  1368 | D:2      | Noticed Terence
  1384 | D:2      | Reached skill level 1 in Poison Magic
  1384 | D:2      | Reached XP level 4. HP: 19/36 MP: 6/8
  1389 | D:2      | Killed Terence
  2258 | D:2      | Found a radiant altar of Vehumet.
  2920 | D:3      | Reached XP level 5. HP: 37/41 MP: 6/9
  3127 | D:3      | Noticed Natasha
  3133 | D:3      | Killed Natasha
  3474 | D:3      | Noticed Natasha
  3482 | D:3      | HP: 2/42 [poisoned by a goblin]
  3483 | D:3      | Succumbed to a goblin's poison

Illustrated notes

Levels and vault maps discovered:
D:1:      elethiomel_arrival_maze, layout_basic
D:2:      layout_basic, nicolae_overflow_crystal_walls, uniq_terence
D:3:      minmay_bubble_buster, layout_rooms, uniq_sigmund, uniq_natasha

Skill      XL: |  1  2  3  4 |
---------------+-------------+-----
Dodging        | 2 |  2.6
Poison Magic   | 1 |  1.0
Transmutations | 3 |  3.0
Spellcasting   | 3 |  3.3
Fighting       | 2 |  2.6
Unarmed Combat | |  3.7

Action                   |  1- 3 |  4- 6 || total
-------------------------+-------+-------++-------
Melee: Unarmed           |    87 |   122 ||   209
       Kick              |    13 |     2 ||    15
       Tailslap          |     7 |     7 ||    14
       Punch             |     1 |       ||     1
       Headbutt          |     7 |     5 ||    12
 Cast: Beastly Appendage |    19 |     3 ||    22
       Spider Form       |       |    10 ||    10
 Stab: Sleeping          |     1 |     1 ||     2
Armor: Skin              |    46 |    31 ||    77
Dodge: Dodged            |    67 |   122 ||   189
